 Dungeon Crawl Stone Soup version 0.28.0-45-g0d030f2227 (webtiles) character file.

Game seed: 9032532315769922317

120 Bruhh the Cudgeller (level 5, 0/32 HPs)
             Began as a Gargoyle Fighter on Apr 23, 2022.
             Killed by divine providence
             ... invoked by an orc priest
              (15 damage)
             ... on level 4 of the Dungeon.
             The game lasted 00:04:51 (2712 turns).

Bruhh the Cudgeller (Gargoyle Fighter)              Turns: 2712, Time: 00:04:51

Health: 0/32       AC: 16    Str: 21    XL:     5   Next: 4%
Magic:  5/5        EV:  5    Int:  9    God:
Gold:   142        SH:  4    Dex:  9    Spells: 4/4 levels left

rFire   . . .      SeeInvis .   p - +1 war axe (flame)
rCold   . . .      Faith    .   c - +0 buckler
rNeg    + . .      Spirit   .   t - +0 plate armour
rPois   ∞          Reflect  .   (no helmet)
rElec   +          Harm     .   j - +0 cloak
rCorr   .          Rampage  .   (no gloves)
Will    .....                   (no boots)
Stlth   ..........              (no amulet)
HPRegen 0.10/turn               (no ring)
MPRegen 0.09/turn               (no ring)

@: no status effects
A: sickness immunity, AC +4, negative energy resistance 1, electricity
resistance, torment resistance 1, petrification resistance
a: no special abilities


You were on level 4 of the Dungeon.
You visited 1 branch of the dungeon, and saw 4 of its levels.

You collected 142 gold pieces.

Inventory:

Hand Weapons
 a - a +0 flail
 p - a +1 war axe of flaming (weapon)
Armour
 b - a +0 scale mail
 c - a +0 buckler (worn)
 j - a +0 cloak (worn)
 t - a +0 plate armour (worn)
Jewellery
 r - a ring of fire
Scrolls
 e - a scroll of blinking {unknown}
 h - 3 scrolls of identify {unknown}
 k - 2 scrolls of magic mapping {unknown}
 l - a scroll of holy word {unknown}
 m - a scroll of noise {unknown}
 o - a scroll of fog {unknown}
 q - 2 scrolls of torment {unknown}
Potions
 d - 2 potions of might
 f - 3 potions of lignification {unknown}
 g - a potion of attraction {unknown}
 i - a potion of resistance {unknown}
 n - 3 potions of heal wounds {unknown}
 s - a potion of flight {unknown}


   Skills:
 - Level 3.2 Fighting
 * Level 2.8(3.6) Axes
 - Level 3.7(4.3) Maces & Flails
 - Level 3.2 Armour
 - Level 3.2 Shields


You had 4 spell levels left.
You didn't know any spells.
Your spell library contained the following spells:

 Spells                   Type           Power      Damage    Failure   Level
 Animate Skeleton         Necr           0%         N/A       100%        1
 Apportation              Tloc           0%         N/A       100%        1
 Sting                    Tmut/Pois      0%         1d3       100%        1
 Summon Small Mammal      Summ           0%         N/A       100%        1
 Poisonous Vapours        Pois/Air       0%         N/A       100%        2
 Olgreb's Toxic Radiance  Pois           0%         N/A       100%        4
 Fireball                 Conj/Fire      0%         3d3       100%        5
 Iskenderun's Battlesphe  Conj           0%         2d6       100%        5
 Conjure Ball Lightning   Conj/Air       0%         3x3d6     100%        6
 Orb of Destruction       Conj           0%         9d5       100%        7


Dungeon Overview and Level Annotations

Branches:
Dungeon (4/15)
 Temple: D:4-7

Altars:

Shops:
D:3 *


Innate Abilities, Weirdness & Mutations

You are immune to sickness and miasma.
Your stone body is resilient. (AC +4)
You are immune to poison.
You resist negative energy. (rN+)
You are resistant to electric shocks. (rElec)
You are resistant to unholy torment.
You are immune to petrification.


Message History

No target in view!
k - 2 scrolls labelled WOCANA UCHI (gained 1)
Found an escape hatch in the floor.
A ball python and an adder come into view.
The ball python hisses angrily.
The adder hisses angrily.
There are monsters nearby!
There are monsters nearby!
There are monsters nearby!
You barely miss the adder. You closely miss the ball python.
The adder bites you but does no damage.
The ball python bites you but does no damage.
The ball python barely misses you. The adder completely misses you.
You miss the adder. You slash the ball python! You burn the ball python.
You kill the ball python!
The adder bites you but does no damage. x2
You closely miss the adder. The adder bites you but does no damage.
You slash the adder! You burn the adder.
You kill the adder!
You have reached level 5!
An orc wizard comes into view. It is wielding a +0 dagger.
An orc comes into view. It is wielding a +0 hand axe.
There are monsters nearby!
There are monsters nearby!
There are monsters nearby!
There are monsters nearby!
An orc priest comes into view. It is wielding a +0 dagger.
The orc shouts!
The orc priest shouts!
The orc wizard points at you and mumbles some strange words.
The puff of flame hits you.
An orc priest comes into view. It is wielding a +0 hand axe.
An orc comes into view. It is wielding a +0 hand axe.
The orc shouts!
The orc wizard gestures at you while chanting.
You resist with some effort.
The orc priest invokes the aid of Beogh against you.
Beogh smites you!
You are too injured to fight recklessly!
The orc priest invokes the aid of Beogh against you.
Beogh smites you!
You die...

#...#.....#....
#........#....
##..oo.o.....
##....oo....#
............#
............##
#........# ..# .#
#.##.....#...## ..### .
####@....... ...####
#..##..... .......
#......##. #..#...
##.........# #.##...
#..........###.##...
####..........##.))....
##.............#........
#..................)....
#...#...................


You could see 2 orc priests, an orc wizard and 2 orcs.

Vanquished Creatures
  3 gnolls (D:4)
  An adder (D:4)
  2 worms (D:3)
  2 dart slugs
  2 orcs
  6 endoplasms
  2 giant cockroaches
  7 hobgoblins
  6 kobolds
  5 quokkas
  9 ball pythons
  7 bats
  3 frilled lizards
  6 goblins
  6 rats
67 creatures vanquished.

Notes
Turn   | Place    | Note
-------+----------+-------------------------------------------
     0 | D:1      | Bruhh the Gargoyle Fighter began the quest for the Orb.
     0 | D:1      | Reached XP level 1. HP: 14/14 MP: 1/1
   198 | D:1      | Reached XP level 2. HP: 9/19 MP: 2/2
   749 | D:1      | Reached XP level 3. HP: 21/23 MP: 3/3
  1163 | D:2      | Found a faded altar of an unknown god.
  1783 | D:3      | Reached skill level 1 in Axes
  1846 | D:3      | Found Deugij's General Store.
  1893 | D:3      | Reached XP level 4. HP: 28/28 MP: 4/4
  2684 | D:4      | Reached XP level 5. HP: 32/32 MP: 5/5
  2712 | D:4      | Killed from afar by an orc priest

Illustrated notes

Levels and vault maps discovered:
D:1:      psy_arrival_statuary, layout_basic
D:2:      layout_loops_cross, ebering_ecumenical_altar_hall
D:3:      layout_basic, serial_shops, nicolae_shop_trees
D:4:      layout_cave_pools

Skill      XL: |  1  2  3  4 |
---------------+-------------+-----
Maces & Flails | 3 |  3.7
Axes           | 1 2 |  2.8
Fighting       | |  3.2
Armour         | |  3.2
Shields        | |  3.2

Action                   |  1- 3 |  4- 6 || total
-------------------------+-------+-------++-------
Melee: Flail             |    89 |       ||    89
       War axe           |    32 |    54 ||    86
Armor: Scale mail        |    77 |    21 ||    98
       Plate armour      |       |     9 ||     9
Dodge: Dodged            |    55 |    20 ||    75
Block: Buckler           |    20 |    14 ||    34
